 Dungeon Crawl Stone Soup version 0.31-a0-232-gb1c03b2570 (webtiles) character file.

Game seed: 14655159863048488836

70 qw the Shooter (level 4, -10/36 HPs)
             Began as a Minotaur Hexslinger on July 7, 2023.
             Mangled by Terence
             ... wielding a +1 flail of protection
              (12 damage)
             ... on level 3 of the Dungeon.
             The game lasted 00:00:38 (1586 turns).

qw the Shooter (Minotaur Hexslinger)                Turns: 1586, Time: 00:00:39

Health: -10/36     AC:  5    Str: 13    XL:     4   Next: 4%
Magic:  4/4        EV: 11    Int: 10    God:
Gold:   19         SH:  0    Dex: 14    Spells: 4/5 levels left

rFire   . . .        Y - +1 sling
rCold   . . .        (no shield)
rNeg    . . .        d - +0 ring mail
rPois   .            (helmet restricted)
rElec   .            (no cloak)
rCorr   .            (no gloves)
SInv    .            (no boots)
Will    .....        (no amulet)
Stlth   +            (no ring)
HPRegen 0.26/turn    (no ring)
MPRegen 0.09/turn

%: no passive effects
@: about to teleport
A: horns 2, retaliatory headbutt
a: no special abilities


You were on level 3 of the Dungeon.
You visited 1 branch of the dungeon, and saw 3 of its levels.

You collected 85 gold pieces.
You spent 66 gold pieces at shops.


Innate Abilities, Weirdness & Mutations

You have a pair of horns on your head.
You reflexively headbutt those who attack you in melee.


   Skills:
 - Level 2.0 Fighting
 + Level 4.3 Ranged Weapons
 - Level 1.1 Armour
 - Level 2.1 Dodging
 - Level 1.0 Spellcasting
 - Level 2.0 Hexes


You had 4 spell levels left.
You knew the following spells:

 Your Spells              Type           Power      Damage    Failure   Level
a - Slow                  Hex            16%        N/A       32%         1

Your spell library contained the following spells:

 Spells                   Type           Power      Damage    Failure   Level
 Inner Flame              Hex/Fire       2%         N/A       82%         3
 Portal Projectile        Hex/Tloc       4%         N/A       82%         3
 Cause Fear               Hex            2%         N/A       97%         4

Inventory:

Hand Weapons
 Y - a +1 sling (weapon)
Armour
 d - a +0 ring mail (worn)
Scrolls
 b - a scroll of identify
Potions
 c - 2 potions of heal wounds
 e - a potion of magic {unknown}
 g - a potion of lignification {unknown}
 i - a potion of curing

Dungeon Overview and Level Annotations

Branches:
Dungeon (3/15)

Altars:

Shops:
D:2 *

Annotations:
D:3 Terence


Message History

You start resting.
HP restored.
Found an escape hatch in the ceiling.
Found a stone staircase leading down.
A dart slug comes into view.
The dart slug launches a dart at you.
The slug dart hits you but does no damage.
You shoot a sling bullet. The sling bullet hits the dart slug.
The dart slug is moderately wounded.
The dart slug launches a dart at you. The slug dart misses you.
You shoot a sling bullet.
The sling bullet hits the dart slug but does no damage.
The dart slug is moderately wounded.
You shoot a sling bullet. The sling bullet hits the dart slug.
The dart slug is heavily wounded.
You shoot a sling bullet. The sling bullet hits the dart slug!
You kill the dart slug!
Found 6 poisoned darts.
Terence the Incautious comes into view.
He is wielding a +1 flail of protection.
You shoot a sling bullet.
The sling bullet hits Terence but does no damage.
You shoot a sling bullet.
The sling bullet hits Terence but does no damage.
Terence drinks a potion.
Terence goes berserk!
You shoot a sling bullet. The sling bullet barely misses Terence.
Terence hits you with a +1 flail of protection.
Terence barely misses you. You furiously retaliate!
You headbutt Terence. You shoot a sling bullet. The sling bullet hits Terence.
Terence is lightly wounded.
Terence hits you with a +1 flail of protection!
Terence closely misses you.
You shoot a sling bullet. The sling bullet barely misses Terence.
Terence hits you with a +1 flail of protection.
Terence hits you with a +1 flail of protection!
1586 ||| READING scroll of teleportation.
As you read the scroll of teleportation, it crumbles to dust.
You feel strangely unstable.
Terence hits you with a +1 flail of protection!
You die...

#######.###....... #..
..#.###.#.#....... ...
#.#.##..#.#....... #..
#.#............... ##...
#.#.#####.##+##...
.....##.#.(........##...
#.#............#####...
#......................
######@################
#.@...... ## #.#######
<. #.# ## #.# #.# #.#
..#


You could see Terence (berserk).

Vanquished Creatures
  2 adders
  3 worms (D:2)
  A dart slug (D:3)
  2 ball pythons
  3 endoplasms
  2 giant cockroaches (D:1)
  5 goblins
  6 hobgoblins
  2 quokkas (D:1)
  3 bats
  2 frilled lizards (D:1)
  7 kobolds
  3 rats
41 creatures vanquished.

Notes
Turn   | Place    | Note
-------+----------+-------------------------------------------
     0 | D:1      | qw the Minotaur Hexslinger began the quest for the Orb.
     0 | D:1      | Reached XP level 1. HP: 16/16 MP: 1/1
     0 | D:1      | 0 ||| qw: Version: 0.3-a-46-gb1f654a
     0 | D:1      | 0 ||| qw: Game counter: 2835
     0 | D:1      | 0 ||| qw: Melee chars always use a shield: true
     0 | D:1      | 0 ||| qw: God list: Okawaru
     0 | D:1      | 0 ||| qw: Allow faded altars: false
     0 | D:1      | 0 ||| qw: Do Orc after clearing Dungeon:15 true
     0 | D:1      | 0 ||| qw: Do second Lair branch before Depths: true
     0 | D:1      | 0 ||| qw: Lair rune preference: random
     0 | D:1      | 0 ||| qw: Goals: Normal
     0 | D:1      | 0 ||| PLANNING D:1-11
    83 | D:1      | Reached skill level 3 in Ranged Weapons
   100 | D:1      | Reached XP level 2. HP: 23/23 MP: 2/2
   270 | D:1      | Reached XP level 3. HP: 29/29 MP: 3/3
   575 | D:1      | 575 ||| UPGRADING to +0 ring mail.
   585 | D:1      | 585 ||| DROPPING +0 robe.
   586 | D:1      | 586 ||| DROPPING ring of flight.
   587 | D:1      | 587 ||| READING scroll labelled XOMAMI AVONEBB.
   588 | D:1      | 588 ||| READING scroll labelled FESOJA SEOGEE.
   589 | D:1      | 589 ||| READING scroll labelled QAGHAOM NOLORO.
   592 | D:1      | 592 ||| DROPPING scroll of poison.
   718 | D:2      | Reached skill level 4 in Ranged Weapons
   858 | D:2      | Reached skill level 1 in Armour
   906 | D:2      | Found Efouno's Assorted Antiques.
   913 | D:2      | 913 ||| SHOPLISTING brass wand (96 gold, have 85).
   913 | D:2      | 913 ||| BUYING inky potion (21 gold).
   913 | D:2      | Bought an inky potion for 21 gold pieces
   913 | D:2      | 913 ||| BUYING puce potion (21 gold).
   913 | D:2      | Bought a puce potion for 21 gold pieces
   913 | D:2      | 913 ||| SHOPLISTING scorched leather armour (168 gold, have
                  | 43).
   913 | D:2      | 913 ||| BUYING scroll labelled WUOR XIRAESIAQ (24 gold).
   913 | D:2      | Bought a scroll labelled WUOR XIRAESIAQ for 24 gold pieces
   913 | D:2      | 913 ||| SHOPLISTING scroll of identify (48 gold, have 19).
  1428 | D:2      | 1428 ||| READING scroll labelled WUOR XIRAESIAQ.
  1439 | D:2      | 1439 ||| DRINKING 3 yellow potions.
  1440 | D:2      | 1440 ||| DRINKING 2 inky potions.
  1463 | D:2      | 1463 ||| DRINKING 2 glowing dark potions.
  1464 | D:2      | 1464 ||| DROPPING potion of brilliance.
  1519 | D:3      | Reached XP level 4. HP: 35/36 MP: 4/4
  1580 | D:3      | Noticed Terence
  1585 | D:3      | HP: 2/36 [Terence/+1 flail of protection (10)]
  1586 | D:3      | 1586 ||| READING scroll of teleportation.
  1586 | D:3      | Mangled by Terence

Levels and vault maps discovered:
D:1:      minmay_arrival_solitary_statue, layout_basic
D:2:      layout_basic, serial_shops, shop, amcnicky_mini_pool_small,
          kennysheep_generic_room_9
D:3:      layout_basic, shapermc_ecumenical_altar_mp_highgroup,
          nicolae_wormholes, uniq_terence

Skill      XL: |  1  2  3 |
---------------+----------+-----
Ranged Weapons | 3 4 |  4.3
Fighting       | 2 |  2.0
Armour         | 1 |  1.1
Dodging        | |  2.1
Spellcasting   | |  1.0
Hexes          | |  2.0

Action                     |  1- 3 |  4- 6 || total
---------------------------+-------+-------++-------
   Fire: Sling             |   136 |     9 ||   145
    Use: Scroll            |     4 |     1 ||     5
         Potion            |     3 |       ||     3
 Armour: Robe              |     4 |       ||     4
         Ring mail         |     4 |     1 ||     5
  Dodge: Dodged            |    25 |     3 ||    28

Table legend:
 A = Non-vault XP
 B = Vault XP
 C = Vault XP percentage of total XP
 D = Non-vault monster count
 E = Vault monster count
 F = Vault count percentage of total count
                 A         B        C        D         E       F
            +---------+---------+-------+---------+---------+-------
      Total |      99 |       2 |   2.0 |      40 |       1 |   2.4
            +---------+---------+-------+---------+---------+-------
        D:1 |      43 |       0 |   0.0 |      26 |       0 |   0.0
        D:2 |      39 |       2 |   4.9 |      12 |       1 |   7.7
        D:3 |      17 |       0 |   0.0 |       2 |       0 |   0.0
            +---------+---------+-------+---------+---------+-------
